 Dungeon Crawl Stone Soup version 0.18.1-50-g88ac8fd (webtiles) character file.

194 magog001 the Bolt Thrower (level 5, 0/41 HPs)
             Began as a Centaur Hunter on Mar 15, 2017.
             Succumbed to a worker ant's poison
             ... on level 2 of the Dungeon.
             The game lasted 00:17:10 (2944 turns).

magog001 the Bolt Thrower (Centaur Hunter)          Turns: 2944, Time: 00:17:11

Health: 0/41       AC:  9    Str: 15    XL:     5   Next: 44%
Magic:  5/5        EV: 14    Int: 10    God:
Gold:   101        SH:  0    Dex: 14    Spells: 0 memorised, 4 levels left

rFire  . . .     SeeInvis .     b - +0 short sword
rCold  . . .     Gourm    .     k - +0 ring mail
rNeg   . . .     Faith    .     (no shield)
rPois  .         Spirit   .     (no helmet)
rElec  .         Dismiss  .     (no cloak)
rCorr  .         Reflect  .     (no gloves)
SustAt .         Harm     .     (no barding)
MR     .....     Rnd*Tele +     (no amulet)
Stlth  +.........               (no ring)
                                p - ring of teleportation (curse)

@: agile, lethally poisoned (0 -> -4), very slightly contaminated, hasted, very
quick, not resistant to hostile enchantments, very unstealthy
A: hooves 3, rough black scales 1, deformed body, speed 2, tough skin 3
a: no special abilities


You were on level 2 of the Dungeon.
You were hungry.

You visited 1 branch of the dungeon, and saw 3 of its levels.

You collected 101 gold pieces.

Inventory:

Hand Weapons
 a - a +1 hand crossbow
 b - a +0 short sword (weapon)
Armour
 c - a +0 leather armour
 k - a +0 ring mail (worn)
 m - a +0 robe
Jewellery
 p - a cursed ring of teleportation (left hand)
Wands
 j - a wand of digging (8/24)
 o - a wand of flame (42/48)
Scrolls
 e - a scroll of noise {unknown}
Comestibles
 f - 2 bread rations
 g - a chunk of flesh


   Skills:
 + Level 2.0 Fighting
 * Level 7.2 Crossbows
 + Level 0.7 Armour
 + Level 1.5 Dodging
 + Level 0.5 Stealth


You had 4 spell levels left.
You didn't know any spells.

Dungeon Overview and Level Annotations

Branches:
Dungeon (3/15)

Altars:
Gozag
Qazlal
Xom


Innate Abilities, Weirdness & Mutations

You have hooves in place of feet.
Armour fits poorly on your strangely shaped body.
You cover ground very quickly.
You have extremely tough skin (AC +3).
You are partially covered in rough black scales (AC +4, Dex -1).


Message History

The worker ant is severely wounded.
You closely miss the worker ant. You kick the worker ant.
The worker ant is severely wounded.
The worker ant bites you.
* * * LOW HITPOINT WARNING * * *
You are lethally poisoned!
The worker ant poisons you!
* * * LOW HITPOINT WARNING * * *
You feel sick.
* * * LOW HITPOINT WARNING * * *
You feel sick.
* * * LOW HITPOINT WARNING * * *
You feel sick.
* * * LOW HITPOINT WARNING * * *
You feel sick.
* * * LOW HITPOINT WARNING * * *
You feel sick.
* * * LOW HITPOINT WARNING * * *
You feel sick.
You die...

######### ### #........
#######.#####.###..##
#......#...........##
#.##.......##.#[#....
#.##.##.##.##.##...#.
#.##....##.##......#.
#.##@##.##.######....
###....##.##.# #......
#............####.####)
#.#.###.###.....#.##..#
#.#.###.# #.....#.##.#.
#.#..##.# #.....#.##.#)
#.##.##.# #............
#.##.##.# #.......####.
#......a########.## #.


There were no monsters in sight!

Vanquished Creatures
  8 gnolls
  3 adders
  An ooze (D:2)
  5 worms (D:2)
  3 dart slugs
  3 bats
  5 giant cockroaches
  5 goblins
  8 hobgoblins
  2 jackals
  A quokka (D:3)
  A ball python (D:2)
  4 giant newts
  12 kobolds
  8 rats
69 creatures vanquished.

Notes
Turn   | Place    | Note
--------------------------------------------------------------
     0 | D:1      | magog001 the Centaur Hunter began the quest for the Orb.
     0 | D:1      | Reached XP level 1. HP: 17/17 MP: 1/1
   288 | D:1      | Reached XP level 2. HP: 24/24 MP: 2/2
   290 | D:1      | Reached skill level 5 in Crossbows
  1150 | D:2      | Reached XP level 3. HP: 29/29 MP: 3/3
  1503 | D:2      | Reached skill level 6 in Crossbows
  1503 | D:2      | Reached XP level 4. HP: 21/36 MP: 4/4
  1826 | D:2      | Found a faded altar to an unknown god.
  2226 | D:2      | Found an opulent altar of Gozag.
  2239 | D:2      | Reached XP level 5. HP: 41/41 MP: 5/5
  2438 | D:2      | Reached skill level 7 in Crossbows
  2665 | D:2      | Found a shimmering altar of Xom.
  2668 | D:2      | Found a stormy altar of Qazlal.
  2915 | D:2      | Gained mutation: You are partially covered in rough black scales (AC +4, Dex -1). [potion of beneficial mutation]
  2932 | D:2      | HP: 2/41 [poisoned by a worker ant]
  2939 | D:2      | HP: 1/41 [poisoned by a worker ant]
  2944 | D:2      | Succumbed to a worker ant's poison

Skill      XL: |  1  2  3  4  5 |
---------------+----------------+-----
Crossbows      | 5 6 7 |  7.2
Fighting       | |  2.0
Armour         | |  0.7
Dodging        | |  1.5
Stealth        | |  0.5

Action                   |  1- 3 |  4- 6 || total
-------------------------+-------+-------++-------
Melee: Short sword       |       |    20 ||    20
       Kick              |       |     7 ||     7
 Fire: Hand crossbow     |    59 |    91 ||   150
  Use: Scroll            |       |     3 ||     3
       Potion            |       |     4 ||     4
  Eat: Chunk             |     1 |     3 ||     4
Armor: Leather armour    |    10 |       ||    10
       Ring mail         |    10 |    21 ||    31
Dodge: Dodged            |    18 |    18 ||    36
